Workbook

Sheet OPCION 2
A1: PRESUPUESTO GENERAL
A2: OBJETO: | C2: ADECUACION Y MEJORAMIENTO DE LA INFRAESTRUCTURA DE LA SEDE LA INMACULADA EN EL MUNICIPIO DE TORO VALLE DEL CAUCA
A4: FORMULADOR: | C4: MUNICIPIO DE TORO, VALLE DEL CAUCA | F4: FECHA: | G4: 46143
A6: ÍTEM N° | B6: CODIGO | C6: DESCRIPCIÓN | D6: UNID | E6: CANT | F6: PRECIO UNITARIO | G6: VALOR TOTAL
A7: 1 | B7: CUBIERTA
B8: 100511 | C8: DESMONTE ESTRUCTURA MADERA T.BARRO | D8: M2 | E8: =5.6*5.5+8.9*6.3 -> 86.87 | F8: 31798 | G8: =+F8*E8 -> 2762292.3
B9: 180210 | C9: ESTRUC. MADERA CUBIERTA CHANUL 3X6 ESP. | D9: M2 | E9: =5.6*5.5+8.9*6.3 -> 86.87 | F9: 118059 | G9: =+F9*E9 -> 10255785
B10: 180922 | C10: TEJA UPVC | D10: M2 | E10: =5.6*5.5+8.9*6.3 -> 86.87 | F10: 64776 | G10: =+F10*E10 -> 5627091.1
B11: 180923 | C11: CABALLETE UPVC | D11: ML | E11: 6.3 | F11: 72706 | G11: =+F11*E11 -> 458047.8
B12: 100502 | C12: DESMONTE CIELO FALSO MADERA | D12: M2 | E12: =6.3*5.2 -> 32.76 | F12: 14207 | G12: =+F12*E12 -> 465421.32
B13: 180401 | C13: CIELO FALSO LAMINA ACRILICO 0.61X1.22M. | D13: M2 | E13: =6.3*5.2+6.3*5.06 -> 64.638 | F13: 122712 | G13: =+F13*E13 -> 7931858.3
B14: 180404 | C14: CIELO FALSO PANEL YESO 12.7MM S.JUNTA+VINILO RH | D14: M2 | E14: 6 | F14: 94612 | G14: =+F14*E14 -> 567672
B15: 170404 | C15: SAL LAMP PVC | D15: UND | E15: 8 | F15: 171520 | G15: =+F15*E15 -> 1372160
B16: 170134 | C16: CABLE COBRE HF-ZH# 12 | D16: ML | E16: =6*E15 -> 48 | F16: 5320 | G16: =+F16*E16 -> 255360
B17: 170656 | C17: BALA PANEL LED 18W | D17: UND | E17: 4 | F17: 51973 | G17: =+F17*E17 -> 207892
A18: 2 | B18: MAMPOSTERIA
B19: 100314 | C19: DEMOLICION MURO LAD. SOGA | D19: M2 | E19: =+(5.3+18)*1*2 -> 46.6 | F19: 9974 | G19: =+F19*E19 -> 464788.4
B20: 100628 | C20: CARGUE Y RETIRO MATERIAL VOLQUETA <= 10 KM. | D20: M3 | E20: 26.7 | F20: 32617 | G20: =+F20*E20 -> 870873.9
B21: 140234 | C21: MURO LADRILLO SOGA SUCIO (8x12x24) | D21: M2 | E21: =+(5.3+18)*1*2 -> 46.6 | F21: 63237 | G21: =+F21*E21 -> 2946844.2
B22: 190106 | C22: REPELLO MURO 1:2 | D22: M2 | E22: =+(5.3+18)*1*2 -> 46.6 | F22: 37665 | G22: =+F22*E22 -> 1755189
B23: 290110 | C23: ESTUCO PLASTICO MURO [PASTA] | D23: M2 | E23: =+(5.3+18)*1*2 -> 46.6 | F23: 18994 | G23: =+F23*E23 -> 885120.4
B24: 291103 | C24: PINTURA MANO DE OBRA [3M] | D24: M2 | E24: =+(5.3+18)*1*2 -> 46.6 | F24: 10980 | G24: =+F24*E24 -> 511668
B25: 130403 | C25: VIGA CONCR.AMARRE MURO 10-12x20CM | D25: ML | E25: =(5.3+18)*2 -> 46.6 | F25: 59031 | G25: =+F25*E25 -> 2750844.6
B26: 086401 | C26: ACERO DE REFUERZO FY = ________ MPA (ANALIZADO PARA ACERO DE REFUERZO FLEJADO DE FY 4200 MPA) | D26: KG | E26: 300.00485 | F26: 6057 | G26: =+F26*E26 -> 1817129.4
A27: SUBTOTAL | G27: =SUM(G8:G26) -> 41906038
A29: VALOR TOTAL COSTOS DIRECTOS: OBRA (1) | G29: =+G27 -> 41906038
A30: ADMINISTRACIÓN OBRA (1) | F30: 0.284 | G30: =+F30*G29 -> 11901315
A31: IMPREVISTOS OBRA (1) | F31: 0.01 | G31: =+F31*G29 -> 419060.38
A32: UTILIDAD OBRA (1) | F32: 0.05 | G32: =+F32*G29 -> 2095301.9
A33: VALOR TOTAL COSTOS INDIRECTOS (A.I.U): OBRA (1) | F33: =SUM(F30:F32) -> 0.344 | G33: =SUM(G30:G32) -> 14415677
A34: VALOR TOTAL OBRA (1) | G34: =G33+G29 -> 56321715
A36: TOTAL PROYECTO | G36: =+G34 -> 56321715
D39: ____________________________________________________
F40: ARQ. JHON SEBASTIAN GALLEGO VELASQUEZ
F41: MP: 17832020-1225088180

Sheet MEMORIAS 2
A1: MEMORIAS 2 - ANÁLISIS DE PRECIOS UNITARIOS (APU)
A2: OBJETO: MEJORAMIENTO DE VÍAS URBANAS DEL MUNICIPIO DE VERSALLES VALLE DEL CAUCA
A3: FUENTE: Listado oficial de precios Gobernación del Valle del Cauca - Decreto 0168 de 2026 (listaprecios.valledelcauca.gov.co, BD Oficial). Presupuesto: pestaña OPCION 2.
A5: RESUMEN DE APU vs. PRESUPUESTO OPCION 2
A6: N° APU | B6: DESCRIPCIÓN | C6: UNID | D6: CÓDIGO | E6: CAPÍTULO | F6: VALOR APU (CD) | G6: DIFERENCIA | H6: PRECIO OPCION 2
A7: 1 | B7: DESMONTE ESTRUCTURA MADERA T.BARRO | C7: M2 | D7: 100511 | E7: PRELIMINARES | F7: =H46 -> 31798 | G7: =H7-F7 -> 0 | H7: ='OPCION 2'!F8 -> 31798
A8: 2 | B8: ESTRUC. MADERA CUBIERTA CHANUL 3X6 ESP. | C8: M2 | D8: 180210 | E8: PRELIMINARES | F8: =H71 -> 118059 | G8: =H8-F8 -> 0 | H8: ='OPCION 2'!F9 -> 118059
A9: 3 | B9: TEJA UPVC | C9: M2 | D9: 180922 | E9: PRELIMINARES | F9: =H94 -> 64776 | G9: =H9-F9 -> 0 | H9: ='OPCION 2'!F10 -> 64776
A10: 4 | B10: CABALLETE UPVC | C10: M | D10: 180923 | E10: PRELIMINARES | F10: =H116 -> 72706 | G10: =H10-F10 -> 0 | H10: ='OPCION 2'!F11 -> 72706
A11: 5 | B11: DESMONTE CIELO FALSO MADERA | C11: M2 | D11: 100502 | E11: PRELIMINARES | F11: =H138 -> 14207 | G11: =H11-F11 -> 0 | H11: ='OPCION 2'!F12 -> 14207
A12: 6 | B12: CIELO FALSO LAMINA ACRILICO 0.61X1.22M. | C12: M2 | D12: 180401 | E12: PRELIMINARES | F12: =H164 -> 122712 | G12: =H12-F12 -> 0 | H12: ='OPCION 2'!F13 -> 122712
A13: 7 | B13: CIELO FALSO PANEL YESO 12.7MM S.JUNTA+VINILO RH | C13: M2 | D13: 180404 | E13: PRELIMINARES | F13: =H199 -> 94612 | G13: =H13-F13 -> 0 | H13: ='OPCION 2'!F14 -> 94612
A14: 8 | B14: SAL LAMP PVC | C14: UND | D14: 170404 | E14: PRELIMINARES | F14: =H228 -> 171520 | G14: =H14-F14 -> 0 | H14: ='OPCION 2'!F15 -> 171520
A15: 9 | B15: CABLE COBRE HF-ZH# 12 | C15: M | D15: 170134 | E15: PRELIMINARES | F15: =H249 -> 5320 | G15: =H15-F15 -> 0 | H15: ='OPCION 2'!F16 -> 5320
A16: 10 | B16: BALA PANEL LED 18W | C16: UND | D16: 170656 | E16: PRELIMINARES | F16: =H272 -> 51973 | G16: =H16-F16 -> 0 | H16: ='OPCION 2'!F17 -> 51973
A17: 11 | B17: DEMOLICION MURO LAD. SOGA | C17: M2 | D17: 100314 | E17: MAMPOSTERIA | F17: =H293 -> 9974 | G17: =H17-F17 -> 0 | H17: ='OPCION 2'!F19 -> 9974
A18: 12 | B18: CARGUE Y RETIRO MATERIAL VOLQUETA <= 10 KM. | C18: M3 | D18: 100628 | E18: MAMPOSTERIA | F18: =H315 -> 32617 | G18: =H18-F18 -> 0 | H18: ='OPCION 2'!F20 -> 32617
A19: 13 | B19: MURO LADRILLO SOGA SUCIO (8x12x24) | C19: M2 | D19: 140234 | E19: MAMPOSTERIA | F19: =H338 -> 63237 | G19: =H19-F19 -> 0 | H19: ='OPCION 2'!F21 -> 63237
A20: 14 | B20: REPELLO MURO 1:2 | C20: M2 | D20: 190106 | E20: MAMPOSTERIA | F20: =H360 -> 37665 | G20: =H20-F20 -> 0 | H20: ='OPCION 2'!F22 -> 37665
A21: 15 | B21: ESTUCO PLASTICO MURO [PASTA] | C21: M2 | D21: 290110 | E21: MAMPOSTERIA | F21: =H384 -> 18994 | G21: =H21-F21 -> 0 | H21: ='OPCION 2'!F23 -> 18994
A22: 16 | B22: PINTURA MANO DE OBRA [3M] | C22: M2 | D22: 291103 | E22: MAMPOSTERIA | F22: =H406 -> 10980 | G22: =H22-F22 -> 0 | H22: ='OPCION 2'!F24 -> 10980
A23: 17 | B23: VIGA CONCR.AMARRE MURO 10-12x20CM | C23: M | D23: 130403 | E23: MAMPOSTERIA | F23: =H431 -> 59031 | G23: =H23-F23 -> 0 | H23: ='OPCION 2'!F25 -> 59031
A24: 18 | B24: ACERO DE REFUERZO FY = ________ MPA (ANALIZADO PARA ACERO DE REFUERZO FLEJADO DE FY 4200 MPA) | C24: KG | D24: 086401 | E24: MAMPOSTERIA | F24: =H455 -> 6057 | G24: =H24-F24 -> 0 | H24: ='OPCION 2'!F26 -> 6057
A25: Nota: valores en azul = datos de la BD oficial 2026; valores en negro = fórmulas. "Herramienta menor" = % del subtotal de mano de obra. El jornal publicado ya incluye prestaciones (factor 1,80). DIFERENCIA = Precio OPCION 2 − Valor APU (debe ser 0).
A27: APU N° 1 | ÍTEM 100511 | CAPÍTULO: PRELIMINARES
A28: DESCRIPCIÓN: | B28: DESMONTE ESTRUCTURA MADERA T.BARRO | F28: UNIDAD: | G28: M2 | H28: CÓD. 100511
A29: MATERIALES
A30: CÓDIGO | B30: DESCRIPCIÓN | C30: UNID | D30: CANTIDAD | E30: DESPERD. % | F30: PRECIO UNIT. | H30: VALOR TOTAL
B31: (No aplica) | H31: 0
A32: SUBTOTAL MATERIALES | H32: =SUM(H31:H31) -> 0
A33: MANO DE OBRA
A34: CÓDIGO | B34: DESCRIPCIÓN | C34: UNID | D34: JORNAL | E34: PRESTAC. | F34: JORNAL TOTAL | G34: REND. | H34: VALOR TOTAL
A35: 200009 | B35: M.O. 2 AYUDANTES + 1 OFICIAL | C35: JORNAL | D35: 526060 | E35: 1.8 | F35: 526060 | G35: 20 | H35: =F35/G35 -> 26303
A36: SUBTOTAL MANO DE OBRA | H36: =SUM(H35:H35) -> 26303
A37: EQUIPOS
A38: CÓDIGO | B38: DESCRIPCIÓN | C38: UNID | D38: CANTIDAD | E38: TARIFA | H38: VALOR TOTAL
A39: 300002 | B39: ANDAMIO METALICO CERTIFICADO ALTURAS | C39: U/D | D39: 0.3 | E39: 17441 | H39: =D39*E39 -> 5232.3
A40: 300026 | B40: HERRAMIENTA MENOR | C40: GLB | D40: 1 | E40: =H36 -> 26303 | H40: =D40/100*E40 -> 263.03
A41: SUBTOTAL EQUIPOS | H41: =SUM(H39:H40) -> 5495.33
A42: TRANSPORTE
A43: CÓDIGO | B43: DESCRIPCIÓN | C43: UNID | D43: CANTIDAD | E43: TARIFA | H43: VALOR TOTAL
B44: (No aplica) | H44: 0
A45: SUBTOTAL TRANSPORTE | H45: =SUM(H44:H44) -> 0
A46: COSTO DIRECTO (VALOR UNITARIO, redondeado al peso) | H46: =ROUND(H32+H36+H41+H45,0) -> 31798
A49: APU N° 2 | ÍTEM 180210 | CAPÍTULO: PRELIMINARES
A50: DESCRIPCIÓN: | B50: ESTRUC. MADERA CUBIERTA CHANUL 3X6 ESP. | F50: UNIDAD: | G50: M2 | H50: CÓD. 180210
A51: MATERIALES
A52: CÓDIGO | B52: DESCRIPCIÓN | C52: UNID | D52: CANTIDAD | E52: DESPERD. % | F52: PRECIO UNIT. | H52: VALOR TOTAL
A53: 100076 | B53: ALAMBRE NEGRO PARA AMARRE CALIBRE 18 | C53: KG | D53: 0.1 | E53: 0 | F53: 6569 | H53: =D53*(1+E53/100)*F53 -> 656.9
A54: 101514 | B54: PUNTILLA CON CABEZA 4" | C54: LB | D54: 1.5 | E54: 0 | F54: 5191 | H54: =D54*(1+E54/100)*F54 -> 7786.5
A55: 101953 | B55: TORNILLO PARA MAD. 10 X 4" | C55: UND | D55: 6 | E55: 0 | F55: 827 | H55: =D55*(1+E55/100)*F55 -> 4962
A56: 117237 | B56: VIGA CHANUL 3X6" X 5M | C56: UND | D56: 0.26 | E56: 5 | F56: 101043 | H56: =D56*(1+E56/100)*F56 -> 27584.739
A57: SUBTOTAL MATERIALES | H57: =SUM(H53:H56) -> 40990.139
A58: MANO DE OBRA
A59: CÓDIGO | B59: DESCRIPCIÓN | C59: UNID | D59: JORNAL | E59: PRESTAC. | F59: JORNAL TOTAL | G59: REND. | H59: VALOR TOTAL
A60: 200007 | B60: M.O. 1 AYUDANTE + 1 OFICIAL | C60: JORNAL | D60: 383882 | E60: 1.8 | F60: 383882 | G60: 8 | H60: =F60/G60 -> 47985.25
A61: SUBTOTAL MANO DE OBRA | H61: =SUM(H60:H60) -> 47985.25
A62: EQUIPOS
A63: CÓDIGO | B63: DESCRIPCIÓN | C63: UNID | D63: CANTIDAD | E63: TARIFA | H63: VALOR TOTAL
A64: 300002 | B64: ANDAMIO METALICO CERTIFICADO ALTURAS | C64: U/D | D64: 1.53 | E64: 17441 | H64: =D64*E64 -> 26684.73
A65: 300026 | B65: HERRAMIENTA MENOR | C65: GLB | D65: 5 | E65: =H61 -> 47985.25 | H65: =D65/100*E65 -> 2399.2625
A66: SUBTOTAL EQUIPOS | H66: =SUM(H64:H65) -> 29083.993
A67: TRANSPORTE
A68: CÓDIGO | B68: DESCRIPCIÓN | C68: UNID | D68: CANTIDAD | E68: TARIFA | H68: VALOR TOTAL
B69: (No aplica) | H69: 0
A70: SUBTOTAL TRANSPORTE | H70: =SUM(H69:H69) -> 0
A71: COSTO DIRECTO (VALOR UNITARIO, redondeado al peso) | H71: =ROUND(H57+H61+H66+H70,0) -> 118059
A74: APU N° 3 | ÍTEM 180922 | CAPÍTULO: PRELIMINARES
A75: DESCRIPCIÓN: | B75: TEJA UPVC | F75: UNIDAD: | G75: M2 | H75: CÓD. 180922
A76: MATERIALES
A77: CÓDIGO | B77: DESCRIPCIÓN | C77: UNID | D77: CANTIDAD | E77: DESPERD. % | F77: PRECIO UNIT. | H77: VALOR TOTAL
A78: 119099 | B78: AMARRA TEJA TAPA PLASTICA | C78: UND | D78: 2 | E78: 0 | F78: 548 | H78: =D78*(1+E78/100)*F78 -> 1096
A79: 119201 | B79: TEJA UPVC TRAPEZ. 2.5MM - 1.07X11.80M H:37MM | C79: UND | D79: 0.075 | E79: 1 | F79: 542566 | H79: =D79*(1+E79/100)*F79 -> 41099.374
A80: 119209 | B80: SET FIJACION TEJA UPVC PLACA-TO | C80: UND | D80: 2.665 | E80: 1 | F80: 545 | H80: =D80*(1+E80/100)*F80 -> 1466.9493
A81: SUBTOTAL MATERIALES | H81: =SUM(H78:H80) -> 43662.324
A82: MANO DE OBRA
A83: CÓDIGO | B83: DESCRIPCIÓN | C83: UNID | D83: JORNAL | E83: PRESTAC. | F83: JORNAL TOTAL | G83: REND. | H83: VALOR TOTAL
A84: 200009 | B84: M.O. 2 AYUDANTES + 1 OFICIAL | C84: JORNAL | D84: 526060 | E84: 1.8 | F84: 526060 | G84: 26.66 | H84: =F84/G84 -> 19732.183
A85: SUBTOTAL MANO DE OBRA | H85: =SUM(H84:H84) -> 19732.183
A86: EQUIPOS
A87: CÓDIGO | B87: DESCRIPCIÓN | C87: UNID | D87: CANTIDAD | E87: TARIFA | H87: VALOR TOTAL
A88: 300026 | B88: HERRAMIENTA MENOR | C88: GLB | D88: 7 | E88: =H85 -> 19732.183 | H88: =D88/100*E88 -> 1381.2528
A89: SUBTOTAL EQUIPOS | H89: =SUM(H88:H88) -> 1381.2528
A90: TRANSPORTE
A91: CÓDIGO | B91: DESCRIPCIÓN | C91: UNID | D91: CANTIDAD | E91: TARIFA | H91: VALOR TOTAL
B92: (No aplica) | H92: 0
A93: SUBTOTAL TRANSPORTE | H93: =SUM(H92:H92) -> 0
A94: COSTO DIRECTO (VALOR UNITARIO, redondeado al peso) | H94: =ROUND(H81+H85+H89+H93,0) -> 64776
A97: APU N° 4 | ÍTEM 180923 | CAPÍTULO: PRELIMINARES
A98: DESCRIPCIÓN: | B98: CABALLETE UPVC | F98: UNIDAD: | G98: M | H98: CÓD. 180923
A99: MATERIALES
A100: CÓDIGO | B100: DESCRIPCIÓN | C100: UNID | D100: CANTIDAD | E100: DESPERD. % | F100: PRECIO UNIT. | H100: VALOR TOTAL
A101: 119099 | B101: AMARRA TEJA TAPA PLASTICA | C101: UND | D101: 4 | E101: 0 | F101: 548 | H101: =D101*(1+E101/100)*F101 -> 2192
A102: 119121 | B102: CABALLETE UPVC 2.5MM 90-110CM | C102: UND | D102: 1 | E102: 0 | F102: 45082 | H102: =D102*(1+E102/100)*F102 -> 45082
A103: SUBTOTAL MATERIALES | H103: =SUM(H101:H102) -> 47274
A104: MANO DE OBRA
A105: CÓDIGO | B105: DESCRIPCIÓN | C105: UNID | D105: JORNAL | E105: PRESTAC. | F105: JORNAL TOTAL | G105: REND. | H105: VALOR TOTAL
A106: 200007 | B106: M.O. 1 AYUDANTE + 1 OFICIAL | C106: JORNAL | D106: 383882 | E106: 1.8 | F106: 383882 | G106: 16 | H106: =F106/G106 -> 23992.625
A107: SUBTOTAL MANO DE OBRA | H107: =SUM(H106:H106) -> 23992.625
A108: EQUIPOS
...

Sheet OPCION 1
A1: PRESUPUESTO GENERAL
L6: 5 | M6: 5.5 | N6: =+L6*M6 -> 27.5
L7: =5.2+3.6 -> 8.8 | M7: 6.3 | N7: =+L7*M7 -> 55.44
A8: OBJETO: | C8: MEJORAMIENTO DE VÍAS URBANAS DEL MUNICIPIO DE VERSALLES VALLE DEL CAUCA | L8: 6.3 | M8: 5.06 | N8: =+L8*M8 -> 31.878
L9: 8.05 | M9: 5.05 | N9: =+L9*M9 -> 40.6525
A10: FORMULADOR: | C10: MUNICIPIO DE VERSALLES, VALLE DEL CAUCA | F10: FECHA: | G10: 46143 | L10: 9 | M10: 6.05 | N10: =+L10*M10 -> 54.45
L11: 9 | M11: 6.05 | N11: =+L11*M11 -> 54.45
A12: ÍTEM N° | B12: CODIGO | C12: DESCRIPCIÓN | D12: UNID | E12: CANT | F12: PRECIO UNITARIO | G12: VALOR TOTAL | L12: 9.56 | M12: 4.02 | N12: =+L12*M12 -> 38.4312
A13: 1 | B13: PRELIMINARES | N13: =SUM(N6:N12) -> 302.8017
B14: 100113 | C14: LOCALIZACION-REPLANTEO OBRA ARQUITECTON. | D14: M2 | E14: 302.8 | F14: 6889 | G14: =+F14*E14 -> 2085989.2
B15: 100502 | C15: DESMONTE CIELO FALSO MADERA | D15: M2 | E15: 302.8 | F15: 14207 | G15: =+F15*E15 -> 4301879.6
B16: 180401 | C16: CIELO FALSO LAMINA ACRILICO 0.61X1.22M. | D16: M2 | E16: 302.8 | F16: 122712 | G16: =+F16*E16 -> 37157194
A17: SUBTOTAL | G17: =SUM(G14:G16) -> 43545062
A19: VALOR TOTAL COSTOS DIRECTOS: OBRA (1) | G19: =+G17 -> 43545062
A20: ADMINISTRACIÓN OBRA (1) | F20: 0.284 | G20: =+F20*G19 -> 12366798
A21: IMPREVISTOS OBRA (1) | F21: 0.01 | G21: =+F21*G19 -> 435450.62
A22: UTILIDAD OBRA (1) | F22: 0.05 | G22: =+F22*G19 -> 2177253.1
A23: VALOR TOTAL COSTOS INDIRECTOS (A.I.U): OBRA (1) | F23: =SUM(F20:F22) -> 0.344 | G23: =SUM(G20:G22) -> 14979501
A24: VALOR TOTAL OBRA (1) | G24: =G23+G19 -> 58524564
A26: TOTAL PROYECTO | G26: =+G24 -> 58524564
